cohdb
Replays
Latest Replays
All Replays
Popular Replays
Top Player Replays
Match Explorer
How It Works
Community
CoH3 Stats
Reddit
Sign in to upload your games and track your stats! →
Sign in with Steam
Match 40819287
Unlisted
Match 40819287
Overview
Messages
Build Orders
End
Construct Infanterie Kompanie
Selects Mechanized Battlegroup
MG 42 Machine Gun Team
MG 42 Machine Gun Team
Grenadier Squad
Sniper
Construct Luftwaffe Kompanie
Jäger Squad
Jäger Squad
Sniper
Jäger Squad
AI Takeover
Jadieu
Flammable
✠KREUZZUG✠
Tanzdiktator
STALKER4732
SoyaLors
ezh
Sonik_jo
0
0
Comments
sign in to comment!
No comments posted yet!